 Dungeon Crawl Stone Soup version 0.30-a0-782-ge64f9170bb (webtiles) character file.

Game seed: 16609561008295303921

31 Leeroy the Slasher (level 3, -2/27 HPs)
             Began as a Merfolk Gladiator on Feb 25, 2023.
             Frozen to death by an endoplasm (5 damage)
             ... on level 2 of the Dungeon.
             The game lasted 00:01:10 (1026 turns).

Leeroy the Slasher (Merfolk Gladiator)              Turns: 1026, Time: 00:01:11

Health: -2/27      AC:  8    Str: 14    XL:     3   Next: 22%
Magic:  3/3        EV: 13    Int:  7    God:
Gold:   60         SH:  0    Dex: 17    Spells: 2/2 levels left

rFire   . . .      SeeInvis .    a - +0 long sword
rCold   . . .      Faith    .    (no shield)
rNeg    . . .      Spirit   .    b - +0 leather armour
rPois   .          Reflect  .    c - +0 helmet
rElec   .          Harm     .    l - scarf {repulsion}
rCorr   .          Rampage  .    (no gloves)
Will    .....                    (no boots)
Stlth   +                        (no amulet)
HPRegen 0.24/turn                m - +4 ring of protection
MPRegen 0.08/turn                (no ring)

@: repel missiles
A: (nimble swimmer 2), mertail
a: no special abilities


You were on level 2 of the Dungeon.
You visited 1 branch of the dungeon, and saw 2 of its levels.

You collected 60 gold pieces.

Inventory:

Hand Weapons
 a - a +0 long sword (weapon)
 h - a +0 short sword of draining
 i - a +1 short sword of protection
Missiles
 d - 3 throwing nets (quivered)
 e - a javelin
Armour
 b - a +0 leather armour (worn)
 c - a +0 helmet (worn)
 l - a scarf of repulsion (worn)
Jewellery
 m - a +4 ring of protection (left hand)
Scrolls
 f - 2 scrolls of identify {unknown}
 j - 2 scrolls of noise {unknown}
Potions
 g - 2 potions of mutation {unknown}
 k - a potion of curing {unknown}


   Skills:
 - Level 2.1 Fighting
 + Level 5.1 Long Blades
 - Level 2.0 Throwing
 - Level 4.0 Dodging


You had 2 spell levels left.
You didn't know any spells.
Your spell library contained the following spells:

 Spells                   Type           Power      Damage    Failure   Level
 Ensorcelled Hibernation  Hex/Ice        0%         N/A       65%         2
 Passwall                 Tmut/Erth      0%         N/A       65%         2
 Swiftness                Air            0%         N/A       87%         3


Dungeon Overview and Level Annotations

Branches:
Dungeon (2/15)

Altars:

Shops:
D:1 =


Innate Abilities, Weirdness & Mutations

((You are very nimble when in or above water. (Stealth+, EV+, Speed+++)))
Your lower body shifts to a powerful aquatic tail in water.


Message History

The rat closely misses you.
You hit the rat.
You kill the rat!
m - a +4 ring of protection
m - a +4 ring of protection (left hand)
Okay, then.
Your +1 short sword of protection goes still.
a - a +0 long sword (weapon)
You see here a quokka corpse.
A goblin and an ogre come into view.
The ogre shouts!
The goblin shouts!
There are monsters nearby!
There are monsters nearby!
You closely miss the goblin. The goblin hits you but does no damage.
Found a spear.
The endoplasm quivers.
A ball python comes into view.
The ball python hisses angrily.
You hit the ogre but do no damage. The ogre barely misses you.
You barely miss the ogre. You barely miss the ogre.
The ogre hits you with a +0 giant club!!
Ouch! That really hurt!
* * * LOW HITPOINT WARNING * * *
The endoplasm freezes you.
You are frozen.
* * * LOW HITPOINT WARNING * * *
The goblin hits you but does no damage.
You hit the ogre.
The ogre is lightly wounded.
The endoplasm freezes you.
You are frozen.
* * * LOW HITPOINT WARNING * * *
The ogre barely misses you. The goblin misses you.
Okay, then.
The endoplasm hits you but does no damage.
The goblin barely misses you. The endoplasm freezes you.
You are frozen.
You die...

## ##.# #...# #..#).#
#..###..## #..##.##.@##
##..##...##J.##
##..##[.#..##Og##
#####..##..# #..##S.##
...#...#...# #!..#...#
.....#...# #..#...#..#
##...##.(##...##..###.#
##...###†.##.##..## .#
.....####..###..## .


You could see an ogre, an endoplasm, a goblin and a ball python.

Vanquished Creatures
  A dart slug (D:1)
  An endoplasm (D:2)
  A giant cockroach (D:1)
  2 hobgoblins (D:1)
  4 jackals (D:1)
  5 kobolds (D:1)
  A quokka (D:2)
  4 ball pythons
  2 bats
  4 goblins (D:1)
  4 rats
29 creatures vanquished.

Notes
Turn   | Place    | Note
-------+----------+-------------------------------------------
     0 | D:1      | Leeroy the Merfolk Gladiator began the quest for the Orb.
     0 | D:1      | Reached XP level 1. HP: 16/16 MP: 1/1
    92 | D:1      | Found Venor's Jewellery Emporium.
   139 | D:1      | Reached skill level 4 in Long Blades
   244 | D:1      | Reached XP level 2. HP: 14/22 MP: 2/2
   693 | D:1      | Reached skill level 5 in Long Blades
   693 | D:1      | Reached XP level 3. HP: 25/27 MP: 3/3
  1013 | D:2      | Noticed an ogre
  1026 | D:2      | Frozen to death by an endoplasm

Illustrated notes

Levels and vault maps discovered:
D:1:      dpeg_cavernosity, layout_loops_ring, serial_shops, shop
D:2:      minmay_alternating_diamond, layout_loops_ring,
          mrwooster_statue_mirror, grunt_decor_mini_mirrors

Skill      XL: |  1  2 |
---------------+-------+-----
Long Blades    | 4 5 |  5.1
Fighting       | |  2.1
Throwing       | |  2.0
Dodging        | |  4.0

Action                     || total
---------------------------++-------
  Melee: Long sword        ||    25
         Punch             ||     2
         Short sword       ||    56
   Stab: Sleeping          ||     2
 Armour: Leather armour    ||    21
  Dodge: Dodged            ||    42

Table legend: (Time is in decaauts)
 A = Elapsed time spent in this place.
 B = Non-inter-level travel time spent in this place.
 C = Inter-level travel time spent in this place.
 D = Time resting spent in this place.
 E = Time spent auto-exploring this place.
 F = Levels seen in this place.
 G = Mean time per level.
                   A        B        C        D        E       F      G
               +--------+--------+--------+--------+--------+-----+--------+
         Total |   1015 |    943 |     72 |      0 |    750 |   2 |  507.5 |
       Dungeon |   1015 |    943 |     72 |      0 |    750 |   2 |  507.5 |
               +--------+--------+--------+--------+--------+-----+--------+

Top non-repeatable levels by time:
     D:1: 889 daAuts
     D:2: 126 daAuts
